 Dungeon Crawl Stone Soup version 0.27-a0-1322-gfdffb62a71 (webtiles) character file.

Game seed: 2903254241334255579

1 Brandom the Sneak (level 1, -3/16 (18) HPs)
             Began as a Demonspawn Delver on June 22, 2021.
             Slain by Eustachio (8 damage)
             ... on level 4 of the Dungeon.
             The game lasted 00:01:23 (221 turns).

Brandom the Sneak (Demonspawn Delver)                Turns: 221, Time: 00:01:24

HP:   -3/16 (18)    AC:  3    Str: 12    XL:     1   Next: 16%
MP:   1/1           EV: 11    Int: 11    God:
Gold: 0             SH:  0    Dex: 14    Spells: 0/0 levels left

rFire    . . .     SeeInvis .   a - +0 falchion
rCold    . . .     Faith    .   (no shield)
rNeg     . . .     Spirit   .   b - +0 leather armour
rPois    .         Reflect  .   (no helmet)
rElec    .         Harm     .   (no cloak)
rCorr    .         Rampage  .   (no gloves)
Will     .....                  (no boots)
Stlth    ++........             (no amulet)
HPRegen  0.05/turn              (no ring)
MPRegen  0.07/turn              (no ring)

@: hasted, heavily drained, very quick
A: no striking features
a: no special abilities


You were on level 4 of the Dungeon.
You visited 1 branch of the dungeon, and saw 2 of its levels.

Inventory:

Hand Weapons
 a - a +0 falchion (weapon)
Armour
 b - a +0 leather armour (worn)
 g - a +0 cloak
   (You found it on level 5 of the Dungeon)
 k - a +0 kite shield
   (You found it on level 4 of the Dungeon)
Wands
 v - a wand of digging (3)
Scrolls
 c - a scroll of fog
 d - a scroll of magic mapping
 e - a scroll of fear
 h - a scroll of vulnerability {unknown}
Potions
 i - a potion of curing {unknown}
 j - 2 potions of degeneration {unknown}


   Skills:
 * Level 3.0 Fighting
 * Level 1.8 Long Blades
 + Level 0.0 Armour
 + Level 1.7 Dodging
 - Level 4.5 Stealth


You couldn't memorise any spells.
You didn't know any spells.
Your spell library was empty.

Dungeon Overview and Level Annotations

Branches:
Dungeon (5/15)
 Temple: D:4-7

Altars:
Okawaru

Annotations:
D:4 Edmund, Eustachio


Message History

There is a stone staircase leading down here.
The helpless quokka fails to defend itself.
You hit the quokka but do no damage.
The quokka bites you but does no damage.
You hit the quokka. The quokka closely misses you.
The quokka barely misses you.
You closely miss the quokka. The quokka closely misses you.
You closely miss the quokka. The quokka closely misses you.
The quokka barely misses you.
You riposte.
You hit the quokka. You hit the quokka.
You kill the quokka!
No target in view!
No target in view!
No target in view!
You see here a quokka corpse.
Edmund the Younger comes into view.
He is wielding a +2 flail of protection.
Found 17 gold pieces.
You see here a quokka corpse.
Found 2 ruby potions.
j - 2 ruby potions
Found 13 gold pieces.
Found a robe.
Found a kite shield.
Eustachio the Magnificent comes into view.
He is wielding a +0 falchion of draining.
You see here 13 gold pieces.
Eustachio shouts!
Eustachio casts a spell.
Eustachio blinks!
You see here a +0 kite shield.
k - a +0 kite shield You feel yourself speed up.
Eustachio hits you with a +0 falchion of draining!
You feel drained.
* * * LOW HITPOINT WARNING * * *
You miss Eustachio. You closely miss Eustachio.
Eustachio gestures wildly while chanting.
Unknown command.
You hit Eustachio but do no damage. Eustachio barely misses you.
Unknown command.
You hit Eustachio. The river rat bites you.
* * * LOW HITPOINT WARNING * * *
Eustachio hits you with a +0 falchion of draining.
* * * LOW HITPOINT WARNING * * *
You feel drained.
You miss Eustachio. The river rat closely misses you.
The quokka barely misses you.
You riposte.
You barely miss the quokka.
Eustachio hits you with a +0 falchion of draining!
Ouch! That really hurt!
You die...

#[# .# #.# ##.# #.#
...# #.# #..### #.#
...... #.######..##
#########......r...##.#
..............$@@.....#
##########.....r......#
..................
####.######....... #.#
.....## #.# ####.# #.#
## #.#


You could see Eustachio, a river rat (summoned) and a quokka (summoned).

Vanquished Creatures
  A quokka (D:4)
1 creature vanquished.

Notes
Turn   | Place    | Note
-------+----------+-------------------------------------------
     0 | D:5      | Brandom the Demonspawn Delver began the quest for the Orb.
     0 | D:5      | Reached XP level 1. HP: 18/18 MP: 1/1
    77 | D:5      | Found an iron altar of Okawaru.
   124 | D:4      | Noticed Edmund
   212 | D:4      | Noticed Eustachio
   221 | D:4      | Slain by Eustachio

Illustrated notes

Levels and vault maps discovered:
D:4:      layout_basic, minmay_temple_entry_slanted, uniq_robin, uniq_eustachio,
          uniq_edmund
D:5:      layout_loops_cross, lemuel_coloured_pillars_altar,
          lemuel_blue_sif_altar, chequers_serial_rivers_micro_b, uniq_pikel

Action                   || total
-------------------------++-------
Melee: Falchion          ||    10
  Use: Potion            ||     1
 Stab: Sleeping          ||     1
Armor: Leather armour    ||     1
Dodge: Dodged            ||     8
       Rpst.: Falchion   ||     2

Table legend: (Time is in decaauts)
 A = Elapsed time spent in this place.
 B = Non-inter-level travel time spent in this place.
 C = Inter-level travel time spent in this place.
 D = Time resting spent in this place.
 E = Time spent auto-exploring this place.
 F = Levels seen in this place.
 G = Mean time per level.
                   A        B        C        D        E       F      G
               +--------+--------+--------+--------+--------+-----+--------+
         Total |    221 |    221 |      0 |      0 |     33 |   2 |  110.5 |
       Dungeon |    221 |    221 |      0 |      0 |     33 |   2 |  110.5 |
               +--------+--------+--------+--------+--------+-----+--------+

Top non-repeatable levels by time:
     D:4: 119 daAuts
     D:5: 102 daAuts
